 Dungeon Crawl Stone Soup version 0.19.5 (webtiles) character file.

25762 greprep the Unseen (level 12, -4/54 HPs)
             Began as a Spriggan Enchanter on May 5, 2017.
             Was a Priest of Ashenzari.
             Slain by a manticore (5 damage)
             ... on level 14 of the Dungeon.
             The game lasted 01:06:15 (15877 turns).

greprep the Unseen (Spriggan Enchanter)            Turns: 15877, Time: 01:06:15

Health: -4/54      AC:  5    Str:  9    XL:     12   Next: 92%
Magic:  21/27      EV: 20    Int: 19    God:    Ashenzari [***...]
Gold:   798        SH:  7    Dex: 17    Spells: 8 memorised, 12 levels left

rFire  . . .     SeeInvis +     k - +3 dagger (venom) (curse)
rCold  . . .     Gourm    .     b - +1 robe
rNeg   . . .     Faith    .     K - +0 buckler
rPois  .         Spirit   .     (helmet restricted)
rElec  .         Reflect  .     Q - +1 cloak
rCorr  .         Harm     .     (gloves unavailable)
MR     ++...                    (boots unavailable)
Stlth  +++++++...               x - amulet of regeneration (curse)
                                H - +3 ring of strength (curse)
                                Y - ring of stealth

@: about to teleport, barbed spikes, hasted, drained, very quick
A: unfitting armour, see invisible, herbivore 3, speed 3, slow metabolism 2
a: Curse Item, Scrying, Renounce Religion


You were on level 14 of the Dungeon.
You worshipped Ashenzari.
Ashenzari was most pleased with you.
You were not hungry.

You visited 2 branches of the dungeon, and saw 15 of its levels.

You collected 1022 gold pieces.
You spent 224 gold pieces at shops.

Inventory:

Hand Weapons
 k - a cursed +3 dagger of venom (weapon)
Armour
 b - a +1 robe (worn)
 K - a +0 buckler (worn)
 Q - a +1 cloak (worn)
Jewellery
 n - an uncursed ring of poison resistance
 t - an uncursed ring of protection from cold
 x - a cursed amulet of regeneration (around neck)
 H - a cursed +3 ring of strength (right hand)
 Y - a ring of stealth (left hand)
Wands
 l - a wand of enslavement (19/24)
 o - a wand of hasting (5/9)
 p - a wand of disintegration (15/24)
 D - a wand of iceblast (8/15)
 I - a wand of digging (13/24)
 J - a wand of acid (8/15)
 P - a wand of paralysis (12/24)
 S - a wand of flame (25/48)
 T - a wand of enslavement (14/24)
 U - a wand of flame (21/48)
Scrolls
 a - a scroll of noise {unknown}
 f - 4 scrolls of teleportation
 j - a scroll of identify
 q - a scroll of recharging {unknown}
 r - 2 scrolls of magic mapping
 s - 4 scrolls of enchant weapon
 u - 2 scrolls of fear {unknown}
 v - 4 scrolls of amnesia
 y - 2 scrolls of fog
 L - a scroll of enchant armour {unknown}
 M - a scroll of immolation {unknown}
 N - 4 scrolls of silence
 R - a scroll of blinking {unknown}
 V - a scroll of torment {unknown}
 W - a scroll of vulnerability {unknown}
Potions
 g - 3 potions of haste
 i - 4 potions of lignification
 m - 3 potions of brilliance
 w - 2 potions of agility
 z - a potion of magic {unknown}
 A - a potion of cancellation {unknown}
 B - 4 potions of flight
 C - 3 potions of might
 E - 2 potions of ambrosia {unknown}
 G - a potion of berserk rage {unknown}
Books
 c - a book of Maledictions

   Spells                             Type                      Level
   a - Corona                         Hexes                        1
   b - Ensorcelled Hibernation        Hexes/Ice                    2
   c - Confuse                        Hexes                        3
   d - Tukima's Dance                 Hexes                        3
   e - Dazzling Spray                 Conjuration/Hexes            3
 F - a Young Poisoner's Handbook

   Spells                             Type                      Level
   a - Sting                          Conjuration/Poison           1
   b - Mephitic Cloud                 Conjuration/Poison/Air       3
   c - Olgreb's Toxic Radiance        Poison                       4
   d - Alistair's Intoxication        Transmutation/Poison         5
   e - Venom Bolt                     Conjuration/Poison           5
 X - a book of Necromancy

   Spells                             Type                      Level
   a - Pain                           Necromancy                   1
   b - Animate Skeleton               Necromancy                   1
   c - Vampiric Draining              Necromancy                   3
   d - Regeneration                   Charms/Necromancy            3
   e - Animate Dead                   Necromancy                   4
   f - Control Undead                 Necromancy                   4
Comestibles
 d - 14 bread rations
 h - 16 fruits
 O - 8 slices of pizza


   Skills:
 + Level 2.1(1.5) Fighting
 + Level 5.5(7.7) Short Blades
 + Level 6.1(5.4) Dodging
 + Level 16.0(15.1) Stealth
 * Level 6.2(5.6) Shields
 + Level 10.3(9.5) Spellcasting
 + Level 1.9(2.7) Conjurations
 + Level 10.8(11.7) Hexes
 + Level 1.3(1.9) Charms
 + Level 0.3(0.4) Necromancy
 + Level 5.3(6.4) Ice Magic
 * Level 8.1(9.2) Poison Magic


You had 12 spell levels left.
You knew the following spells:

 Your Spells              Type           Power        Failure   Level  Hunger
a - Corona                Hex            ######.      1%          1    None
b - Ensorcelled Hibernat  Hex/Ice        #####.       1%          2    None
c - Tukima's Dance        Hex            ######..     1%          3    None
d - Dazzling Spray        Conj/Hex       #####.       1%          3    None
e - Confuse               Hex            ######..     1%          3    None
f - Sting                 Conj/Pois      ####         1%          1    None
g - Vampiric Draining     Necr           ##........   24%         3    None
h - Regeneration          Chrm/Necr      ##........   17%         3    None


Dungeon Overview and Level Annotations

Branches:
Dungeon (14/15)            Temple (1/1) D:7            Lair (0/6) D:11
    Orc (0/2) D:9          Vaults (0/5) D:14

Altars:
Ashenzari
Cheibriados
Dithmenos
Elyvilon
Fedhas
Gozag
Hepliaklqana
Kikubaaqudgha
Makhleb
Nemelex Xobeh
Okawaru
Qazlal
Ru
Sif Muna
Trog
Uskayaw
Vehumet
Xom
Yredelemnul
Zin
The Shining One

Shops:
D:4 *

Annotations:
D:9 Grum


Innate Abilities, Weirdness & Mutations

You are very small and have problems with some larger weapons.
You are too small for most types of armour.
You have supernaturally acute eyesight. (SInv)
You are a herbivore.
You cover ground extremely quickly.
You need consume almost no food.


Message History

The manticore flicks its tail.
The volley of spikes hits you!
The barbed spikes become lodged in your body.
* * * LOW HITPOINT WARNING * * *
The barbs in your skin will harm you if you move.
Continue?
Okay, then.
Okay, then.
As you read the scroll of teleportation, it crumbles to dust.
You feel strangely unstable.
You feel better. The manticore closely misses you.
You block the manticore's attack. The manticore claws you.
The manticore completely misses you. The manticore claws you.
* * * LOW HITPOINT WARNING * * *
The manticore claws you!
* * * LOW HITPOINT WARNING * * *
The deep elf mage shouts!
You feel yourself speed up. The manticore misses you. The manticore claws you.
* * * LOW HITPOINT WARNING * * *
You block the manticore's attack. x2; The manticore claws you.
You die... , , , ,, , ,, .#.#...(.#.#...# , #...............# #.#.......#.....+, , .........!.....# #.. , . #.#.#.#.......# , #.. , ..#......#....##* , .lo

,,,..#.#.#.eHH.....# ,
...##
*/.....)..@#######. *
.....
.#.#....<........
..o.#
*....).###.#######.
#.H#
*..#..............,
#.####...#.###....####
* ,
#.##...#*#.#<'....#
.##.(#...# #.###....#
* .....#...#
#...'....#* * , ,
.....#...#
#.###.......###


You could see 2 manticores and a deep elf mage.

Vanquished Creatures
  3 centaur warriors (D:14)
  An ogre mage (D:14)
  An unseen horror (D:13)
  2 deep elf magi
  5 hill giants
  An orc knight (D:14)
  A cyclops (D:12)
  2 manticores
  4 ugly things
  5 centaur zombies
  Maurice (D:9)
  A komodo dragon (D:12)
  A troll (D:12)
  2 two-headed ogres
  A hornet (D:14)
  3 slime creatures (D:12)
  A snapping turtle (shapeshifter) (D:13)
  4 hippogriffs
  2 wyverns
  23 yaks
  2 wraiths
  3 hogs (D:13)
  A human (D:13)
  Menkaure (D:4)
  3 vampire mosquitoes (D:14)
  2 hungry ghosts
  A mottled dragon (D:14)
  A soldier ant (D:12)
  6 wargs
  A water moccasin (D:12)
  4 orc warriors
  4 ice beasts
  8 ogres
  2 black bears (D:6)
  4 sky beasts
  A phantom (D:9)
  An eye of draining (D:11)
  2 necrophages (D:11)
  2 wolves
  A boggart (D:14)
  A crocodile (D:14)
  6 centaurs
  5 big kobolds
  5 bullfrogs
  4 scorpions
  4 wights (D:13)
  2 howler monkeys
  6 crimson imps
  The ghost of Koyaah the Digger, a weakling GrEE (D:4)
  A quasit (D:7)
  5 hounds
  2 bullfrog skeletons
  7 orc priests
  2 centaur skeletons (D:12)
  Jessica (D:3)
  5 iguanas
  10 orc wizards
  10 worker ants
  A howler monkey zombie (D:6)
  A worker ant zombie (D:8)
  11 adders
  2 gnolls (D:7)
  3 shadow imps
  An adder zombie (D:8)
  2 adder skeletons
  A worm (D:5)
  A dart slug (D:3)
  7 leopard geckos
  27 orcs
  7 bats
  7 giant cockroaches
  8 goblins
  9 hobgoblins
  14 jackals
  15 kobolds
  4 quokkas
  A ball python (D:7)
  6 frilled lizards
  A leopard gecko skeleton (D:8)
  4 rats
324 creatures vanquished.

Vanquished Creatures (collateral kills)
  A gnoll (D:7)
1 creature vanquished.

Vanquished Creatures (others)
  A dancing weapon (D:7)
  A wight (D:13)
  6 bushes (D:14)
8 creatures vanquished.

Grand Total: 333 creatures vanquished

Notes
Turn   | Place    | Note
-------+----------+-------------------------------------------
     0 | D:1      | greprep the Spriggan Enchanter began the quest for the Orb.
     0 | D:1      | Reached XP level 1. HP: 9/9 MP: 5/5
   610 | D:1      | Reached XP level 2. HP: 13/13 MP: 6/6
   614 | D:1      | Learned a level 2 spell: Ensorcelled Hibernation
  1018 | D:2      | Reached skill level 5 in Stealth
  1091 | D:2      | Found a white marble altar of Elyvilon.
  1145 | D:2      | Found a basalt altar of Yredelemnul.
  1210 | D:2      | Found a snail-covered altar of Cheibriados.
  1231 | D:2      | Reached XP level 3. HP: 13/16 MP: 1/8
  1945 | D:2      | Found an iron altar of Okawaru.
  2099 | D:2      | Reached XP level 4. HP: 21/21 MP: 5/9
  2309 | D:3      | Reached skill level 6 in Stealth
  2309 | D:3      | Reached skill level 1 in Ice Magic
  2506 | D:3      | Reached XP level 5. HP: 25/25 MP: 1/10
  2599 | D:3      | Learned a level 3 spell: Tukima's Dance
  2603 | D:3      | Learned a level 3 spell: Dazzling Spray
  2629 | D:3      | Found a sacrificial altar of Ru.
  2656 | D:3      | Noticed Jessica
  2666 | D:3      | Killed Jessica
  2868 | D:3      | Reached skill level 5 in Hexes
  3516 | D:4      | Found Kasheq's Assorted Antiques.
  3519 | D:4      | Bought a blackened marble ring for 140 gold pieces
  3519 | D:4      | Bought a scroll labeled LYRYSSESTO for 28 gold pieces
  3519 | D:4      | Bought a scroll of identify for 56 gold pieces
  3566 | D:4      | Found a sparkling altar of Nemelex Xobeh.
  3683 | D:4      | Noticed Menkaure
  3718 | D:4      | Reached XP level 6. HP: 23/29 MP: 4/12
  4009 | D:4      | Noticed Koyaah's ghost (weakling GrEE)
  4017 | D:4      | Learned a level 3 spell: Confuse
  4031 | D:4      | Killed Koyaah's ghost
  4031 | D:4      | Reached skill level 7 in Stealth
  4180 | D:4      | Killed Menkaure
  4180 | D:4      | Reached skill level 1 in Fighting
  4180 | D:4      | Reached skill level 8 in Stealth
  4180 | D:4      | Reached XP level 7. HP: 24/33 MP: 8/14
  4791 | D:5      | Entered Level 5 of the Dungeon
  5009 | D:5      | Reached skill level 5 in Spellcasting
  5934 | D:5      | Found a deep blue altar of Sif Muna.
  6347 | D:6      | Learned a level 1 spell: Sting
  6414 | D:6      | Reached skill level 9 in Stealth
  6474 | D:6      | Reached XP level 8. HP: 37/37 MP: 8/16
  6703 | D:6      | Found an ancient bone altar of Kikubaaqudgha.
  6703 | D:6      | Found a blossoming altar of Fedhas.
  7308 | D:7      | Reached skill level 1 in Poison Magic
  7438 | D:7      | Reached skill level 1 in Conjurations
  7813 | D:7      | Found a staircase to the Ecumenical Temple.
  7862 | Temple   | Entered the Ecumenical Temple
  7935 | Temple   | Became a worshipper of Ashenzari the Shackled
  8038 | D:7      | Reached skill level 10 in Stealth
  8155 | D:7      | Found a burning altar of Makhleb.
  8474 | D:8      | Reached skill level 1 in Shields
  8864 | D:8      | Reached * piety under Ashenzari
  8925 | D:8      | Reached XP level 9. HP: 41/41 MP: 18/18
  8944 | D:8      | Reached skill level 11 in Stealth
  9037 | D:8      | Found a stormy altar of Qazlal.
  9184 | D:9      | Noticed Maurice
  9189 | D:9      | Killed Maurice
  9189 | D:9      | Reached skill level 5 in Dodging
  9409 | D:9      | Found a staircase to the Orcish Mines.
  9422 | D:9      | Noticed Grum
  9731 | D:9      | Reached skill level 12 in Stealth
  9900 | D:10     | Entered Level 10 of the Dungeon
  9952 | D:10     | Reached XP level 10. HP: 46/46 MP: 18/21
 10102 | D:10     | Noticed a hill giant
 10102 | D:10     | Noticed a hill giant
 10176 | D:10     | Killed a hill giant
 10209 | D:10     | Killed a hill giant
 10392 | D:10     | Reached skill level 5 in Poison Magic
 10578 | D:10     | Reached skill level 13 in Stealth
 10581 | D:10     | Reached ** piety under Ashenzari
 11400 | D:10     | Reached XP level 11. HP: 50/50 MP: 20/23
 11671 | D:11     | Found a staircase to the Lair.
 11962 | D:11     | Noticed a purple ugly thing
 12000 | D:11     | Killed a purple ugly thing
 12628 | D:11     | Reached skill level 14 in Stealth
 12801 | D:12     | Noticed a purple ugly thing
 12808 | D:12     | Killed a purple ugly thing
 12840 | D:12     | Noticed a deep elf mage
 12847 | D:12     | Killed a deep elf mage
 12988 | D:12     | Reached *** piety under Ashenzari
 13044 | D:12     | Noticed a brown ugly thing
 13047 | D:12     | Killed a brown ugly thing
 13047 | D:12     | Reached skill level 5 in Shields
 13113 | D:12     | Noticed a hill giant
 13123 | D:12     | Killed a hill giant
 13498 | D:12     | Noticed a red ugly thing
 13500 | D:12     | Killed a red ugly thing
 13649 | D:12     | Reached XP level 12. HP: 47/53 MP: 15/26
 13989 | D:13     | Reached skill level 5 in Short Blades
 14139 | D:13     | Reached skill level 10 in Hexes
 14150 | D:13     | Reached skill level 15 in Stealth
 14208 | D:13     | Learned a level 3 spell: Vampiric Draining
 14769 | D:14     | Noticed a centaur warrior
 14773 | D:14     | Killed a centaur warrior
 14990 | D:14     | Reached skill level 5 in Ice Magic
 15041 | D:14     | Noticed an ogre mage
 15073 | D:14     | Reached skill level 10 in Spellcasting
 15211 | D:14     | Noticed a centaur warrior
 15319 | D:14     | Learned a level 3 spell: Regeneration
 15356 | D:14     | Noticed a centaur warrior
 15356 | D:14     | Killed a centaur warrior
 15364 | D:14     | Killed a centaur warrior
 15607 | D:14     | Reached skill level 1 in Charms
 15649 | D:14     | Killed an ogre mage
 15649 | D:14     | Reached skill level 16 in Stealth
 15805 | D:14     | Found a gate to the Vaults.
 15877 | D:14     | HP: 1/54 [manticore (6)]
 15877 | D:14     | Slain by a manticore

Skill      XL: |  1  2  3  4  5  6  7  8  9 10 11 12 |
---------------+-------------------------------------+-----
Stealth        | 5 6 8 9 10 12 13 14 16 | 16.0
Hexes          | 4 5 6 7 8 9 10 | 10.8
Spellcasting   | 3 4 5 6 7 9 10 | 10.3
Ice Magic      | 1 2 3 4 5 |  5.3
Dodging        | 4 5 6 |  6.1
Short Blades   | 2 3 4 5 |  5.5
Fighting       | 1 2 |  2.1
Poison Magic   | 2 4 5 7 8 |  8.1
Conjurations   | 1 |  1.9
Shields        | 2 3 4 5 6 |  6.2
Charms         | 1 |  1.3
Necromancy     | |  0.3

Action                   |  1- 3 |  4- 6 |  7- 9 | 10-12 || total
-------------------------+-------+-------+-------+-------++-------
Melee: Dagger            |    97 |   101 |   188 |   271 ||   657
 Cast: Ensorcelled Hiber |    31 |    29 |    59 |   168 ||   287
       Confuse           |       |     3 |     4 |    41 ||    48
       Sting             |       |       |    37 |    27 ||    64
       Dazzling Spray    |       |       |     6 |       ||     6
       Tukima's Dance    |       |       |     1 |       ||     1
       Regeneration      |       |       |       |     3 ||     3
Invok: Curse Item        |       |       |     3 |       ||     3
  Use: Scroll            |       |    11 |     5 |     4 ||    20
       Potion            |       |       |       |     6 ||     6
 Stab: Sleeping          |    25 |    25 |    56 |   125 ||   231
       Confused          |       |     3 |     3 |    26 ||    32
       Distracted        |       |       |     2 |     1 ||     3
  Eat: Bread ration      |       |     1 |       |     1 ||     2
       Pizza             |       |       |     4 |       ||     4
       Fruit             |       |       |     1 |       ||     1
Armor: Robe              |    17 |     7 |    20 |    11 ||    55
Dodge: Dodged            |    92 |    78 |   151 |   112 ||   433
Block: Buckler           |       |       |    40 |    66 ||   106
